 Dungeon Crawl Stone Soup version 0.28.0-53-g5a82cb258f (webtiles) character file.

Game seed: 3737650320034203302

100 issech the Chopper (level 4, -1/40 HPs)
             Began as a Minotaur Monk on June 7, 2022.
             Succumbed to Sigmund's poison
             ... on level 2 of the Dungeon.
             The game lasted 00:06:10 (1968 turns).

issech the Chopper (Minotaur Monk)                  Turns: 1968, Time: 00:06:10

Health: -1/40      AC: 13    Str: 15    XL:     4   Next: 46%
Magic:  12/12      EV:  5    Int:  7    God:
Gold:   67         SH:  0    Dex: 15    Spells: 3/3 levels left

rFire   . . .      SeeInvis .   e - +0 hunting sling
rCold   . . .      Faith    .   (no shield)
rNeg    + . .      Spirit   .   d - +0 plate armour
rPois   .          Reflect  .   (helmet restricted)
rElec   .          Harm     .   (no cloak)
rCorr   .          Rampage  .   j - +2 pair of gloves
Will    .....                   (no boots)
Stlth   ..........              (no amulet)
HPRegen 0.13/turn               h - ring of positive energy
MPRegen 0.13/turn               o - ring of magical power

@: lethally poisoned (-1 -> -7)
A: horns 2, retaliatory headbutt
a: no special abilities


You were on level 2 of the Dungeon.
You visited 1 branch of the dungeon, and saw 3 of its levels.

You collected 67 gold pieces.

Inventory:

Hand Weapons
 a - a +0 hand axe
 e - a +0 hunting sling (weapon)
 p - a +0 hunting sling
Missiles
 c - 12 arrows
 g - 2 poisoned darts
 i - 58 stones (quivered ammo)
Armour
 b - a +0 robe
 d - a +0 plate armour (worn)
 j - a +2 pair of gloves (worn)
Jewellery
 h - a ring of positive energy (left hand)
 o - a ring of magical power (right hand)
Scrolls
 f - a scroll of torment {unknown}
 k - a scroll of identify {unknown}
 l - a scroll of noise {unknown}
 m - a scroll of teleportation {unknown}
Potions
 n - a potion of attraction {unknown}


   Skills:
 + Level 4.3 Fighting
 + Level 4.9 Axes
 + Level 1.4 Armour
 + Level 4.1 Dodging
 + Level 1.7 Stealth


You had 3 spell levels left.
You didn't know any spells.
Your spell library contained the following spells:

 Spells                   Type           Power      Damage    Failure   Level
 Tukima's Dance           Hex            0%         N/A       100%        3
 Anguish                  Hex/Necr       0%         N/A       100%        4
 Enfeeble                 Hex            0%         N/A       100%        7


Dungeon Overview and Level Annotations

Branches:
Dungeon (3/15)

Altars:

Annotations:
D:2 Sigmund


Innate Abilities, Weirdness & Mutations

You have a pair of horns on your head.
You reflexively headbutt those who attack you in melee.


Message History

You feel sick.
You are no longer poisoned.
Found a hunting sling.
You see here a +0 hunting sling.
p - a +0 hunting sling
e - a +0 hunting sling (weapon)
There is a shaft here.
You see here 19 stones.
i - 60 stones (gained 19)
You see here a +0 pair of gloves.
There is a shaft here.
There is a shaft here.
You are too injured to fight recklessly!
The worm barely misses you. You furiously retaliate!
You headbutt the worm. Sigmund hits you but does no damage.
There is a shaft here.
You are too injured to fight recklessly!
Fire: 60 stones
Press: ? - help, Q - select action, (/) - cycle Shift-Dir - straight line, f - worm
Aim: a worm (moderately wounded, 79% to hit)
You shoot a stone. The stone hits the worm.
The worm is heavily wounded.
Fire: 59 stones
Press: ? - help, Q - select action, (/) - cycle Shift-Dir - straight line, f/p - worm
Aim: a worm (heavily wounded, 79% to hit)
You shoot a stone. The stone barely misses the worm.
Sigmund hits you from afar with a +1 scythe of venom!
* * * LOW HITPOINT WARNING * * *
You are lethally poisoned!
The worm bites you but does no damage.
* * * LOW HITPOINT WARNING * * *
You feel very sick.
* * * LOW HITPOINT WARNING * * *
You feel very sick.
The worm falls through a shaft!
The shaft crumbles and collapses.
* * * LOW HITPOINT WARNING * * *
You feel sick.
* * * LOW HITPOINT WARNING * * *
You feel sick.
You die...

#############
#((.........#
#.#########.# #@#
#.# #.# #.#
#######.### #.#
..........#######.#
#######.[.........#
.......@#.#########
#######.#.# # #.#.#
..# #.#†#
....#.#.#######
...............
#...?..........
###............
........######.


You could see Sigmund.

Vanquished Creatures
  A hound (D:2)
  An adder (D:2)
  A worm (D:2)
  A dart slug (D:2)
  4 ball pythons
  3 bats
  5 endoplasms
  2 giant cockroaches
  5 goblins
  8 hobgoblins
  2 jackals (D:1)
  10 kobolds
  4 frilled lizards
  3 rats (D:1)
50 creatures vanquished.

Notes
Turn   | Place    | Note
-------+----------+-------------------------------------------
     0 | D:1      | issech the Minotaur Monk began the quest for the Orb.
     0 | D:1      | Reached XP level 1. HP: 19/19 MP: 0/0
   243 | D:1      | Reached XP level 2. HP: 27/27 MP: 1/1
   508 | D:1      | Found a faded altar of an unknown god.
   580 | D:1      | Reached XP level 3. HP: 29/33 MP: 2/2
  1075 | D:2      | Noticed Sigmund
  1278 | D:2      | Reached skill level 1 in Armour
  1278 | D:2      | Reached XP level 4. HP: 40/40 MP: 3/3
  1652 | D:2      | Noticed an ogre
  1966 | D:2      | HP: 2/40 [poisoned by Sigmund]
  1968 | D:2      | Succumbed to Sigmund's poison

Illustrated notes

Levels and vault maps discovered:
D:1:      dpeg_arrival_boxes_within_box, layout_rooms,
          hellmonk_ecumenical_altar_heavens_door
D:2:      layout_loops_ring, uniq_sigmund
D:3:      minmay_chambers_of_threes, layout_basic, uniq_jessica,
          uniq_crazy_yiuf_cottage, uniq_terence

Skill      XL: |  1  2  3 |
---------------+----------+-----
Axes           | 4 |  4.9
Fighting       | 4 |  4.3
Armour         | 1 |  1.4
Dodging        | 4 |  4.1
Stealth        | |  1.7

Action                   |  1- 3 |  4- 6 || total
-------------------------+-------+-------++-------
Melee: Hand axe          |    79 |    35 ||   114
       Headbutt          |    14 |     8 ||    22
       Punch             |     1 |       ||     1
 Fire: Hunting sling     |       |     2 ||     2
Throw: Dart              |       |     3 ||     3
Armor: Plate armour      |    70 |    32 ||   102
       Robe              |     1 |       ||     1
Dodge: Dodged            |    29 |    15 ||    44
